 Dungeon Crawl Stone Soup version 0.31-a0-152-g6aa68a64a1 (webtiles) character file.

Game seed: 1174682459671611604

82 qw the Shooter (level 4, -2/38 HPs)
             Began as a Minotaur Hunter on June 8, 2023.
             Succumbed to a goblin's poison
             ... on level 2 of the Dungeon.
             The game lasted 00:00:27 (1413 turns).

qw the Shooter (Minotaur Hunter)                    Turns: 1413, Time: 00:00:27

Health: -2/38      AC:  6    Str: 15 (16) XL:     4   Next: 21%
Magic:  3/3        EV: 12    Int:  4 (6)  God:
Gold:   85         SH:  0    Dex: 12 (15) Spells: 3/3 levels left

rFire   . . .        Y - +0 shortbow
rCold   . . .        (shield currently unavailable)
rNeg    . . .        c - +0 leather armour
rPois   .            (helmet restricted)
rElec   .            (no cloak)
rCorr   .            h - +2 pair of gloves
SInv    .            (no boots)
Will    .....        (no amulet)
Stlth   +            (no ring)
HPRegen 0.26/turn    (no ring)
MPRegen 0.08/turn

%: no passive effects
@: lethally poisoned (-2 -> -10)
A: horns 2, retaliatory headbutt
a: no special abilities


You were on level 2 of the Dungeon.
You visited 1 branch of the dungeon, and saw 3 of its levels.

You collected 85 gold pieces.


Innate Abilities, Weirdness & Mutations

You have a pair of horns on your head.
You reflexively headbutt those who attack you in melee.


   Skills:
 + Level 3.0 Fighting
 - Level 6.0 Ranged Weapons
 - Level 1.1 Armour
 - Level 2.1 Dodging
 - Level 0.7 Stealth


You had 3 spell levels left.
You didn't know any spells.
Your spell library was empty.

Inventory:

Hand Weapons
 Y - a +0 shortbow (weapon)
Armour
 c - a +0 leather armour (worn)
 h - a +2 pair of gloves (worn)
Potions
 d - 3 potions of haste
 f - a potion of ambrosia {unknown}
 g - a potion of enlightenment {unknown}
 i - a potion of heal wounds {unknown}

Dungeon Overview and Level Annotations

Branches:
Dungeon (3/15)

Altars:


Message History

The goblin hits you with a +0 dagger of venom.
You are more poisoned.
You shoot an arrow. The arrow closely misses the goblin.
You feel sick. The goblin misses you. Robin barely misses you.
You furiously retaliate!
You headbutt Robin, but do no damage. The goblin barely misses you.
The goblin hits you but does no damage. Robin hits you but does no damage.
The goblin hits you but does no damage.
You are lethally poisoned!
You shoot an arrow. The arrow hits Robin.
Robin is moderately wounded.
You feel very sick. The goblin misses you.
The goblin hits you but does no damage.
You shoot an arrow. The arrow hits Robin!
Robin is severely wounded.
You feel very sick. The goblin closely misses you. You furiously retaliate!
You headbutt the goblin.
You kill the goblin!
The goblin hits you but does no damage.
You shoot an arrow. The arrow hits Robin.
Robin is almost dead.
You feel very sick. The goblin closely misses you.
You shoot an arrow. The arrow hits Robin.
You kill Robin!
You feel sick. The goblin misses you.
You feel your strength returning.
Your Armour skill increases to level 1!
You shoot an arrow. The arrow hits the goblin.
The goblin is heavily wounded.
You feel sick. The goblin hits you but does no damage.
You shoot an arrow.
The arrow hits the goblin but does no damage.
The goblin is moderately wounded.
You feel sick. The goblin hits you but does no damage.
You are more poisoned.
You shoot an arrow. The arrow barely misses the goblin.
You feel very sick. The goblin hits you but does no damage.
You shoot an arrow. The arrow closely misses the goblin.
You die...

.# #.##..# #.# .#
#.##..####.# .#
#.##.......# .#
#.##.#####.# .#
#!##.# #.# .#
#....# #.# ##
#.#### #.#
.######.########g#
......#........)@#
.####.#.########)#
.# #.#.# #.# .#
#.#.# #.# ## #.#.#
#.# #####.#.# #.#
......#.# #.#
#####.#.#### #.# #
#.......# #.#


You could see a goblin.

Vanquished Creatures
  Terence (D:2)
  Robin (D:2)
  An adder (D:2)
  A dart slug (D:1)
  4 endoplasms
  2 giant cockroaches
  8 goblins
  8 hobgoblins
  A jackal (D:2)
  3 kobolds (D:1)
  A ball python (D:2)
  2 bats (D:1)
33 creatures vanquished.

Notes
Turn   | Place    | Note
-------+----------+-------------------------------------------
     0 | D:1      | qw the Minotaur Hunter began the quest for the Orb.
     0 | D:1      | Reached XP level 1. HP: 18/18 MP: 0/0
     0 | D:1      | 0 ||| qw: Version: 0.2-a-120-gdf1a93b
     0 | D:1      | 0 ||| qw: Game counter: 3145
     0 | D:1      | 0 ||| qw: Always use a shield: true
     0 | D:1      | 0 ||| qw: God list: Okawaru
     0 | D:1      | 0 ||| qw: Allow faded altars: false
     0 | D:1      | 0 ||| qw: Do Orc after D:15 true
     0 | D:1      | 0 ||| qw: Do second Lair branch before Depths: true
     0 | D:1      | 0 ||| qw: Lair rune preference: random
     0 | D:1      | 0 ||| qw: Plans: Normal
     0 | D:1      | 0 ||| PLANNING D:1-11
   182 | D:1      | Reached XP level 2. HP: 21/25 MP: 1/1
   247 | D:1      | Reached skill level 5 in Ranged Weapons
   694 | D:1      | 694 ||| READING scroll labelled ZICZOJ YD JAAQ.
   695 | D:1      | 695 ||| READING scroll labelled WERAOCS KYFIA.
   696 | D:1      | 696 ||| DROPPING scroll of butterflies.
   771 | D:2      | Reached skill level 3 in Fighting
   900 | D:2      | Reached XP level 3. HP: 29/31 MP: 2/2
  1116 | D:2      | Noticed Terence
  1128 | D:2      | Killed Terence
  1351 | D:2      | 1351 ||| UPGRADING to +2 pair of gloves.
  1356 | D:2      | 1356 ||| DROPPING +6 ring of intelligence.
  1357 | D:2      | 1357 ||| READING 2 scrolls labelled GAMUFI KOUKOCH.
  1358 | D:2      | 1358 ||| DRINKING 4 viscous amethyst potions.
  1359 | D:2      | 1359 ||| DRINKING 2 sapphire potions.
  1360 | D:2      | 1360 ||| DROPPING scroll of fear.
  1361 | D:2      | 1361 ||| DROPPING potion of degeneration.
  1392 | D:3      | Noticed Robin
  1395 | D:3      | Reached XP level 4. HP: 37/38 MP: 3/3
  1398 | D:3      | 1398 ||| STAIRDANCE
  1401 | D:2      | Reached skill level 6 in Ranged Weapons
  1407 | D:2      | HP: 9/38 [poisoned by a goblin]
  1409 | D:2      | Killed Robin
  1410 | D:2      | Reached skill level 1 in Armour
  1410 | D:2      | HP: 4/38 [poisoned by a goblin]
  1412 | D:2      | HP: 1/38 [poisoned by a goblin]
  1413 | D:2      | Succumbed to a goblin's poison

Levels and vault maps discovered:
D:1:      elethiomel_arrival_infinity_welcomes_careful_drivers, layout_rooms,
          chequers_serial_rivers_small_b
D:2:      layout_loops_ring, uniq_terence
D:3:      layout_loops_cross, uniq_robin

Skill      XL: |  1  2  3  4 |
---------------+-------------+-----
Ranged Weapons | 5 6 |  6.0
Fighting       | 3 |  3.0
Armour         | 1 |  1.1
Dodging        | |  2.1
Stealth        | |  0.7

Action                     |  1- 3 |  4- 6 || total
---------------------------+-------+-------++-------
   Fire: Shortbow          |    84 |    17 ||   101
    Use: Scroll            |     3 |       ||     3
         Potion            |     2 |       ||     2
 Armour: Leather armour    |    18 |    14 ||    32
  Dodge: Dodged            |    25 |    16 ||    41

Table legend:
 A = Non-vault XP
 B = Vault XP
 C = Vault XP percentage of total XP
 D = Non-vault monster count
 E = Vault monster count
 F = Vault count percentage of total count
                 A         B        C        D         E       F
            +---------+---------+-------+---------+---------+-------
      Total |      53 |      65 |  55.1 |      22 |      11 |  33.3
            +---------+---------+-------+---------+---------+-------
        D:1 |      26 |       0 |   0.0 |      14 |       0 |   0.0
        D:2 |      27 |      49 |  64.5 |       8 |       3 |  27.3
        D:3 |       0 |      16 | 100.0 |       0 |       8 | 100.0
            +---------+---------+-------+---------+---------+-------
